 Dungeon Crawl Stone Soup version 0.22-a0-772-gac08f70 (webtiles) character file.

2718168 SpeedyPerson7 the Champion of Chaos (level 24, 238/247 HPs)
             Began as a Deep Dwarf Fighter on July 17, 2018.
             Was the Champion of Makhleb.
             Escaped with the Orb
             ... and 3 runes!
             The game lasted 00:54:55 (29334 turns).

SpeedyPerson7 the Champion of Chaos (DDFi)         Turns: 29334, Time: 00:54:56

Health: 238/247    AC: 39    Str: 33      XL:     24   Next: 73%
Magic:  12/12      EV: 12    Int:  9 (10) God:    Makhleb [******]
Gold:   2264       SH: 21    Dex: 12      Spells: 23/23 levels left

rFire    + + +     SeeInvis .   o - +7 broad axe (venom)
rCold    + . .     Gourm    .   W - +0 shield
rNeg     + . .     Faith    .   O - +8 gold dragon scales {rF+ rC+ rPois}
rPois    +         Spirit   .   (helmet restricted)
rElec    +         Reflect  +   G - +2 cloak of Gluttony {-Cast MR++ Str+4}
rCorr    .         Harm     .   E - +1 pair of gloves of Ameso {rElec rF+}
MR       +++++     Rnd*Rage +   N - +1 pair of boots Stlth ..........Rnd*Tele +
                                n - +5 amulet of reflection
HPRegen  0.00/turn NoCast   +   F - ring of protection from fire
MPRegen  0.13/turn              A - +5 ring of protection

@: mildly poisoned (238 -> 238), corroded, non-regenerating
A: damage resistance, heal wounds, horns 2, talons 1, icy blue scales 1, berserk
1, blurry vision 1, negative energy resistance 1, sense surroundings 3,
electricity resistance, teleportitis 2, weak 1, no potion heal 1, subdued magic
1, no regeneration
0: Orb of Zot
}: 3/15 runes: decaying, silver, gossamer
a: Heal Wounds, Minor Destruction, Lesser Servant of Makhleb, Major Destruction,
Greater Servant of Makhleb, Renounce Religion


You escaped.
You worshipped Makhleb.
Makhleb was exalted by your worship.
You were hungry.

You visited 8 branches of the dungeon, and saw 44 of its levels.
You visited the Abyss 1 time.
You visited 2 bazaars.

You collected 3259 gold pieces.
You spent 995 gold pieces at shops.

Inventory:

Hand Weapons
 a - a +1 war axe
 o - a +7 broad axe of venom (weapon)
 I - a +2 broad axe
Missiles
 C - 3 throwing nets (quivered) {!f}
Armour
 w - a +2 helmet
 E - the +1 pair of gloves of Ameso (worn) {rElec rF+}
   (You found it on level 5 of the Vaults)

   It protects you from fire.
   It insulates you from electricity.
 G - the +2 cloak of Gluttony (worn) {-Cast MR++ Str+4}
   (You found it on level 8 of the Dungeon)

   It affects your strength (+4).
   It affects your resistance to hostile enchantments.
   It prevents spellcasting.
 N - a +1 pair of boots (worn)
 O - +8 gold dragon scales (worn) {rF+ rC+ rPois}
 W - a +0 shield (worn)
Jewellery
 n - a +5 amulet of reflection (around neck)
 A - a +5 ring of protection (right hand)
 F - a ring of protection from fire (left hand)
 M - an uncursed ring of protection from magic
 Q - a +3 ring of strength
Wands
 k - a wand of polymorph (40)
 q - a wand of digging (6)
 z - a wand of flame (45)
 B - a wand of paralysis (59)
 H - a wand of acid (6)
 V - a wand of clouds (2)
Scrolls
 i - a scroll of identify
 p - a scroll of immolation
 r - 15 scrolls of remove curse
 s - a scroll of summoning {!r}
 t - 10 scrolls of teleportation
 x - a scroll of blinking
 y - 5 scrolls of fog
 L - 6 scrolls of vulnerability {!r}
 R - 2 scrolls of holy word
 U - 11 scrolls of fear
Potions
 c - 4 potions of curing
 f - a potion of haste
 g - 5 potions of flight
 h - 9 potions of heal wounds
 j - 2 potions of magic
 l - 4 potions of cancellation
 u - 5 potions of agility
 J - 7 potions of lignification {!q}
 P - a potion of berserk rage
 S - 7 potions of ambrosia
 Y - 6 potions of brilliance
Comestibles
 e - 54 rations


   Skills:
 * Level 20.8 Fighting
 - Level 18.0 Axes
 + Level 19.9 Armour
 - Level 10.1 Dodging
 + Level 17.0 Shields
 O Level 27 Invocations


You had 23 spell levels left.
You didn't know any spells.
Your spell library contained the following spells:

 Spells                   Type           Power        Failure   Level  Hunger
 Magic Dart               Conj           #...         97%         1    ##.....
 Conjure Flame            Conj/Fire      #.......     100%        3    ####...
 Bolt of Cold             Conj/Ice       #.........   100%        6    #######
 Bolt of Magma            Conj/Fire/Erth #.........   100%        5    ######.
 Slow                     Hex            #.......     99%         2    ###....
 Confuse                  Hex            #.......     100%        3    ####...
 Freezing Cloud           Conj/Ice/Air   #.........   100%        6    #######
 Mephitic Cloud           Conj/Pois/Air  #.......     100%        3    ####...
 Venom Bolt               Conj/Pois      #.........   100%        5    ######.
 Olgreb's Toxic Radiance  Pois           #.......     100%        4    #####..
 Blink                    Tloc           N/A          99%         2    ###....
 Animate Dead             Necr           N/A          100%        4    #####..
 Pain                     Necr           #...         97%         1    ##.....
 Animate Skeleton         Necr           N/A          97%         1    ##.....
 Vampiric Draining        Necr           #.........   100%        3    ####...
 Ozocubu's Refrigeration  Ice            #.........   100%        6    #######
 Ozocubu's Armour         Chrm/Ice       #.......     100%        3    ####...
 Call Imp                 Summ           #.......     99%         2    ###....
 Regeneration             Chrm/Necr      #.........   100%        3    ####...
 Sting                    Conj/Pois      #...         97%         1    ##.....
 Sublimation of Blood     Necr           #.........   99%         2    ###....
 Iron Shot                Conj/Erth      #.........   100%        6    #######
 Swiftness                Chrm/Air       #.......     99%         2    ###....
 Spider Form              Tmut/Pois      #.........   100%        3    ####...
 Blade Hands              Tmut           #.........   100%        5    ######.
 Statue Form              Tmut/Erth      #........    100%        6    #######
 Ice Form                 Ice/Tmut       #.......     100%        4    #####..
 Deflect Missiles         Chrm/Air       #.........   100%        6    #######
 Shadow Creatures         Summ           N/A          100%        6    #######
 Confusing Touch          Hex            #.....       97%         1    ##.....
 Ignite Poison            Fire/Tmut/Pois #.......     100%        3    ####...
 Sticks to Snakes         Tmut           #.......     99%         2    ###....
 Ensorcelled Hibernation  Hex/Ice        #.....       99%         2    ###....
 Metabolic Englaciation   Hex/Ice        #.........   100%        5    ######.
 Silence                  Hex/Air        #.........   100%        5    ######.
 Shatter                  Erth           #.........   100%        9    #######
 Alistair's Intoxication  Tmut/Pois      #.......     100%        5    ######.
 Simulacrum               Ice/Necr       #.........   100%        6    #######
 Conjure Ball Lightning   Conj/Air       #.........   100%        6    #######
 Petrify                  Tmut/Erth      #.......     100%        4    #####..
 Tornado                  Air            #.........   100%        9    #######
 Leda's Liquefaction      Hex/Erth       #.........   100%        4    #####..
 Darkness                 Hex            #.........   100%        6    #######
 Beastly Appendage        Tmut           #.....       97%         1    ##.....
 Infusion                 Chrm           #...         97%         1    ##.....
 Summon Lightning Spire   Summ/Air       #.......     100%        4    #####..
 Irradiate                Conj/Tmut      #.........   100%        5    ######.
 Gell's Gravitas          Tloc           #.........   100%        3    ####...
 Yara's Violent Unravell  Hex/Tmut       #.........   100%        5    ######.
 Poisonous Vapours        Pois/Air       #.....       99%         2    ###....
 Borgnjor's Vile Clutch   Necr/Erth      #.........   100%        5    ######.


Dungeon Overview and Level Annotations

Branches:
Dungeon (15/15)            Temple (1/1) D:4            Lair (5/6) D:8
  Swamp (4/4) Lair:2       Spider (4/4) Lair:4          Orc (0/2) D:9
 Vaults (5/5) D:13          Crypt (0/3) Vaults:2     Depths (5/5) D:15
    Zot (5/5) Depths:5
  Slime: Lair:5-6

Altars:
Ashenzari
Cheibriados
Fedhas
Gozag
Hepliaklqana
Kikubaaqudgha
Makhleb
Nemelex Xobeh
Okawaru
Qazlal
Ru
Sif Muna
Trog
Uskayaw
Vehumet
Wu Jian
Xom
Yredelemnul
Zin
The Shining One

Shops:
D:6 ?   D:15 (   Depths:4 =%

Portals:
Abyss: Depths:1 Depths:4
Pandemonium: Depths:3
Trove: Depths:3 (give +5 demon blade)

Annotations:
D:14 1 runed door, Thaneod's ghost, journeyman DEAE
Lair:2 exclusion: oklob plant
Lair:3 exclusion: ice statue
Lair:4 exclusion: oklob plant
Swamp:2 exclusion: Roxanne, Roxanne
Depths:3 1 transporter
Depths:4 2 runed doors, Tennusk's ghost, adept TrMo


Innate Abilities, Weirdness & Mutations

You are resistant to damage.
You can heal yourself by infusing magical energy.
You resist negative energy. (rN+)
You passively map a large area around you.
You do not regenerate.
You have a pair of horns on your head.
You have sharp toenails.
You are partially covered in icy blue scales. (AC +2)
You tend to lose your temper in combat.
Scrolls take you a little longer to read.
You are resistant to electric shocks. (rElec)
You are sometimes teleported next to monsters.
You are weak. (Str -2)
Potions are less effective at restoring your health.
Your spells are a little easier to cast, but a little less powerful.


Message History

There is a stone staircase leading up here.
You are feeling hungry.
You climb upwards.
There is a stone staircase leading down here.
A Brimstone Fiend comes into view.
You enter the shallow water.
Moving in this stuff is going to be slow.
A rust devil comes into view.
You barely miss the rust devil. Your headbutt misses the rust devil.
You block the rust devil's attack. The rust devil hits you.
The rust devil corrodes you! You block the Brimstone Fiend's attack.
The Brimstone Fiend hits you. The Brimstone Fiend closely misses you.
The rust devil closely misses you.
There is a large open door here.
You block the rust devil's attack.
There is a staircase leading out of the dungeon here.
The Brimstone Fiend hits you but does no damage.
The Brimstone Fiend hits you! The Brimstone Fiend closely misses you.
The rust devil hits you. The rust devil corrodes you!
You have escaped!

##...#.......##...# *
#.......###.#####.#
#.#.###.###.......# *
#.#.#..≈≈≈≈≈§≈≈≈≈.##
#.#....≈8≈≈≈≈≈≈8≈..
#####....#.))8≈≈≈≈8≈≈#
,
...........≈)≈####≈≈≈#
,.....##...≈≈≈'4.#≈≈≈#*
, ###..##..§§≈≈'1@#≈≈≈#
# #....§≈≈≈####≈≈≈# ,
,, #>.#..≈≈8≈≈≈≈8≈≈#,,
#......###≈8≈≈≈≈≈≈8≈..
* #.#.1.##
#≈≈≈≈≈≈≈≈≈≈### #...#*
#....#.##### ....>$
#.####.# , , ....##.
... #.. * , , .... .
.... , ## ,


You could see a Brimstone Fiend and a rust devil.

Vanquished Creatures
  6 orbs of fire
  Sojobo (Depths:4)
  Margery (Depths:3)
  3 curse toes
  3 Killer Klowns (Zot:5)
  Saint Roka (Depths:5)
  10 golden dragons
  A profane servitor (Abyss:5)
  Arachne (Spider:2)
  A Tzitzimitl (D:13)
  3 electric golems (Zot:5)
  24 Orb Guardians
  9 tentacled monstrosities
  A lich (Depths:5)
  5 quicksilver dragons
  6 death cobs
  2 titans (Vaults:5)
  2 sphinxes
  A tentacled starspawn (Abyss:5)
  8 storm dragons
  4 thorn hunters
  10 shadow dragons
  A revenant (Abyss:5)
  2 draconian monks
  5 tengu reavers
  4 frost giants
  2 fire giants
  11 vault wardens
  5 emperor scorpions
  2 balrugs
  A deep elf sorcerer (Vaults:4)
  4 draconian knights
  8 draconian scorchers
  4 ghost moths
  5 draconian stormcallers
  Aizul (Spider:1)
  A cacodemon (Zot:5)
  A ghoul (Vaults:2)
  14 very ugly things
  13 ironheart preservers
  2 entropy weavers (Spider:4)
  13 stone giants
  7 draconian annihilators
  A war gargoyle (Vaults:5)
  Nessos (D:13)
  4 deep elf demonologists
  11 black draconians
  5 white draconians
  3 green draconians
  10 large abominations
  7 red draconians
  5 spark wasps
  A deep elf annihilator (Vaults:3)
  Snorg (Lair:5)
  10 purple draconians
  4 yellow draconians
  3 deep elf death magi
  4 ettins
  4 deep elf high priests (Vaults:5)
  Fannar (Lair:3)
  9 yaktaur captains
  2 fire dragons
  Josephine (Swamp:1)
  6 great orbs of eyes
  2 jiangshi (Depths:4)
  26 vault guards
  A rakshasa (Vaults:2)
  Erolcha (D:9)
  11 ice dragons
  Harold (D:11)
  A caustic shrike simulacrum (Depths:3)
  A catoblepas (Lair:4)
  8 hydras
  5 centaur warriors
  A ghost crab (Swamp:4)
  14 alligators
  30 two-headed ogres
  8 ogre magi
  A death knight (Vaults:2)
  A dancing weapon (Vaults:5)
  3 deep troll shamans
  4 thrashing horrors (Abyss:5)
  A spriggan berserker (Depths:5)
  8 deep troll earth magi
  2 vampire magi
  A shock serpent (shapeshifter) (Vaults:4)
  A titan zombie (Vaults:5)
  6 hell knights (Depths:3)
  6 sun demons
  8 deep elf knights
  Sonja (Lair:2)
  A sixfirhy (Abyss:5)
  2 shadow wraiths (Vaults:5)
  6 small abominations
  A titan skeleton (Depths:3)
  4 wretched stars (Abyss:5)
  An iron troll (D:14)
  A golden dragon zombie (Vaults:5)
  23 deep trolls
  A shambling mangrove (Swamp:3)
  2 wizards
  4 deep elf archers
  4 unseen horrors
  A spriggan druid (Swamp:3)
  5 swamp dragons
  10 ironbrand convokers
  4 necromancers
  17 harpies
  24 deep elf magi
  11 orc knights
  2 phantasmal warriors (Vaults:2)
  18 ugly things
  2 orc sorcerers
  4 cyclopes
  17 orb spiders
  A mana viper (shapeshifter) (Vaults:5)
  A stone giant zombie (Vaults:5)
  29 wolf spiders
  A manticore (D:11)
  A fire giant zombie (Vaults:5)
  A frost giant zombie (Vaults:5)
  14 moths of wrath
  An iron dragon skeleton (Depths:3)
  2 centaur zombies
  2 elephants (Lair:5)
  A smoke demon (Abyss:5)
  2 black mambas (Lair:5)
  A frost giant skeleton (Depths:3)
  A stone giant skeleton (Depths:3)
  A spiny frog (shapeshifter) (D:13)
  10 vault sentinels
  10 spiny frogs
  2 torpor snails
  3 orange demons
  11 freezing wraiths
  A rime drake (shapeshifter) (Vaults:5)
  16 yaktaurs
  3 rime drakes
  3 komodo dragons
  14 demonic crawlers
  A yaktaur (shapeshifter) (Depths:1)
  A hellwing (D:8)
  2 red devils
  2 kobold demonologists (D:14)
  An ancient zyme (Abyss:5)
  36 jumping spiders
  A troll (shapeshifter) (Vaults:2)
  10 trolls
  11 tyrant leeches
  3 polar bears
  5 meliai (D:13)
  22 slime creatures
  19 hornets
  5 hippogriffs
  4 raiju (Abyss:5)
  An ettin zombie (Vaults:5)
  8 bog bodies
  12 spriggans
  57 redbacks
  A meliai zombie (D:14)
  2 shadows
  10 water elementals
  7 wraiths
  33 tarantellas
  A ynoxinul (D:13)
  3 wyverns
  Eustachio (D:6)
  23 yaks
  20 humans (D:13)
  An ettin skeleton (Vaults:5)
  A vampire (D:10)
  Grum (D:9)
  A basilisk (D:15)
  A steam dragon (D:11)
  A steam dragon (shapeshifter) (Vaults:4)
  3 hungry ghosts
  17 vampire mosquitoes
  A chaos spawn (D:5)
  3 neqoxecs
  3 insubstantial wisps
  2 acid dragons
  3 wargs (Vaults:4)
  7 water moccasins
  11 swamp worms
  3 porcupines
  A black bear (shapeshifter) (Vaults:5)
  11 swamp drakes
  A black bear (D:10)
  18 orc warriors
  An ettin simulacrum (Depths:3)
  2 eyes of draining (D:14)
  A phantom (D:14)
  9 ice beasts
  8 sky beasts
  17 ogres
  5 boggarts (Vaults:3)
  5 wolves
  25 centaurs
  4 crocodiles
  An elf simulacrum (Depths:3)
  17 bullfrogs
  2 big kobolds (D:14)
  3 water moccasin zombies
  7 scorpions
  2 wyvern skeletons
  11 killer bees
  8 howler monkeys
  17 wights
  4 electric eels
  9 crimson imps
  3 jellies
  A quasit (D:13)
  5 hounds
  11 orc priests
  4 iguanas
  10 orc wizards
  Terence (D:3)
  3 centaur skeletons
  Ijyb (D:4)
  Natasha (thrice) (D:2)
  15 worker ants
  A killer bee zombie (D:9)
  A hound skeleton (D:6)
  6 gnolls
  A swamp drake zombie (Swamp:1)
  7 adders
  2 howler monkey skeletons
  A shadow imp (D:7)
  2 white imps (Lair:3)
  2 oozes
  An adder zombie (D:5)
  A worm (D:2)
  4 leopard geckos
  48 orcs
  2 ball pythons
  2 giant cockroaches
  4 goblins
  A hobgoblin (D:2)
  9 jackals
  2 quokkas (D:8)
  3 bats
  4 frilled lizards
  6 kobolds
  3 rats (D:3)
  4 crawling corpses
  A fungus (Lair:2)
  3 starspawn tentacles (Abyss:5)
1480 creatures vanquished.

Vanquished Creatures (collateral kills)
  Mara (Swamp:3)
  the Lernaean hydra (Swamp:4)
  A golden dragon (Depths:5)
  Jory (Vaults:4)
  A Brimstone Fiend (Zot:5)
  A sphinx (Vaults:4)
  A storm dragon (Vaults:5)
  A tengu reaver (Depths:4)
  An ironheart preserver (Vaults:4)
  3 very ugly things (Vaults:5)
  A spark wasp (Depths:4)
  A yaktaur captain (Vaults:5)
  7 hydras
  A spriggan air mage (Depths:4)
  3 two-headed ogres
  An ogre mage (Vaults:4)
  An alligator (Swamp:4)
  A spriggan (Swamp:3)
  Nergalle (Lair:1)
  3 swamp dragons (Swamp:4)
  A deep troll (shapeshifter) (Vaults:5)
  A shambling mangrove (Swamp:2)
  A glowing orange brain (shapeshifter) (Vaults:5)
  A necromancer (Vaults:5)
  An orc knight (Vaults:5)
  A phantasmal warrior (Vaults:5)
  A cyclops (D:8)
  An ugly thing (D:13)
  A spiny frog (Lair:3)
  A komodo dragon (Lair:1)
  3 trolls (D:14)
  A meliai (D:13)
  3 hornets
  2 tyrant leeches (Swamp:4)
  A hippogriff (Lair:1)
  2 slime creatures (D:13)
  A bog body (Swamp:3)
  2 yaks (Lair:1)
  A tarantella (Spider:1)
  A hungry ghost (D:13)
  2 insubstantial wisps (Swamp:4)
  4 vampire mosquitoes
  2 swamp worms (Swamp:4)
  A water moccasin (Lair:3)
  A black bear (D:8)
  An orc warrior (Vaults:5)
  A swamp drake (Swamp:3)
  An ogre (Vaults:4)
  A bullfrog (Lair:1)
  3 killer bees (D:8)
  2 electric eels
  2 howler monkeys
  A hound (D:8)
  An orc wizard (D:13)
  A white imp (Lair:3)
  2 orcs (Vaults:5)
85 creatures vanquished.

Vanquished Creatures (others)
  A storm dragon (Vaults:5)
  A draconian monk (Zot:3)
  A draconian knight (Zot:2)
  A fire giant (Depths:5)
  A very ugly thing (Depths:3)
  A spark wasp (Depths:4)
  A yaktaur captain (Vaults:4)
  A centaur warrior (Vaults:3)
  A wizard (D:13)
  A deep elf archer (Vaults:5)
  4 yaktaurs
  A jumping spider (Spider:1)
  A bog body (Lair:2)
  A warg (Vaults:5)
  2 sky beasts
  An orc priest (Vaults:4)
  A worker ant (D:14)
  An orc (Vaults:5)
  2 briar patches (Swamp:4)
  A fungus (Lair:5)
  3 plants (D:14)
  A starspawn tentacle (Abyss:5)
  10 toadstools (Lair:4)
39 creatures vanquished.

Grand Total: 1604 creatures vanquished

Notes
Turn   | Place    | Note
-------+----------+-------------------------------------------
     0 | D:1      | SpeedyPerson7 the Deep Dwarf Fighter began the quest for the Orb.
     0 | D:1      | Reached XP level 1. HP: 20/20 MP: 1/1
   210 | D:2      | Noticed Natasha
   216 | D:2      | Noticed a crimson imp
   218 | D:2      | Noticed an iron imp
   220 | D:2      | Noticed a crimson imp
   226 | D:2      | Killed Natasha
   226 | D:2      | Reached XP level 2. HP: 16/27 MP: 2/2
   226 | D:2      | Reached XP level 3. HP: 19/33 MP: 3/3
   258 | D:2      | Noticed Natasha
   268 | D:2      | Killed Natasha
   306 | D:2      | Noticed Natasha
   311 | D:2      | Reached XP level 4. HP: 41/42 MP: 3/3
   327 | D:2      | Killed Natasha
   619 | D:3      | Found a radiant altar of Vehumet.
   621 | D:3      | Found an ornate altar of the Wu Jian Council.
   630 | D:3      | Found a hide-covered altar of Uskayaw.
   632 | D:3      | Found a bloodstained altar of Trog.
   635 | D:3      | Found a deep blue altar of Sif Muna.
   637 | D:3      | Found a stormy altar of Qazlal.
   659 | D:3      | Noticed Terence
   671 | D:3      | Killed Terence
   671 | D:3      | Reached XP level 5. HP: 23/49 MP: 4/4
   802 | D:4      | Found a staircase to the Ecumenical Temple.
   842 | Temple   | Entered the Ecumenical Temple
  1040 | Temple   | Became a worshipper of Makhleb the Destroyer
  1146 | D:4      | Noticed Ijyb
  1182 | D:4      | Killed Ijyb
  1290 | D:4      | Found a glowing golden altar of the Shining One.
  1361 | D:4      | Reached skill level 1 in Invocations
  1361 | D:4      | Reached XP level 6. HP: 34/57 MP: 5/5
  1493 | D:5      | Entered Level 5 of the Dungeon
  1508 | D:5      | Noticed a water moccasin
  1526 | D:5      | Reached skill level 5 in Axes
  1526 | D:5      | Reached skill level 2 in Invocations
  1533 | D:5      | Killed a water moccasin
  1533 | D:5      | Reached XP level 7. HP: 32/63 MP: 3/5
  1571 | D:5      | Reached skill level 3 in Invocations
  1613 | D:5      | Reached skill level 5 in Shields
  1673 | D:5      | Reached skill level 5 in Armour
  1721 | D:5      | Reached skill level 4 in Invocations
  1843 | D:5      | Found a sparkling altar of Nemelex Xobeh.
  1864 | D:5      | Reached XP level 8. HP: 50/73 MP: 5/5
  1885 | D:5      | Reached * piety under Makhleb
  2011 | D:6      | Reached skill level 5 in Invocations
  2099 | D:6      | Noticed Eustachio
  2150 | D:6      | Reached skill level 6 in Invocations
  2197 | D:6      | Killed Eustachio
  2205 | D:6      | Found Xoucad's Magic Scroll Emporium.
  2237 | D:6      | Bought a scroll of identify for 22 gold pieces
  2237 | D:6      | Bought a scroll of teleportation for 33 gold pieces
  2237 | D:6      | Bought a scroll of identify for 22 gold pieces
  2237 | D:6      | Bought a scroll of fear for 38 gold pieces
  2341 | D:6      | Reached skill level 5 in Fighting
  2549 | D:6      | Gained mutation: You passively map the area around you. [Deep Dwarf growth]
  2549 | D:6      | Reached XP level 9. HP: 50/81 MP: 7/7
  2551 | D:6      | Reached skill level 7 in Invocations
  2793 | D:7      | Reached ** piety under Makhleb
  3059 | D:8      | Reached skill level 8 in Invocations
  3250 | D:8      | Noticed a troll
  3285 | D:8      | Reached *** piety under Makhleb
  3296 | D:8      | Reached skill level 9 in Invocations
  3299 | D:8      | Killed a troll
  3299 | D:8      | Reached XP level 10. HP: 57/91 MP: 6/6
  3319 | D:8      | Noticed a two-headed ogre
  3327 | D:8      | Noticed a cyclops
  3335 | D:8      | Killed a two-headed ogre
  3343 | D:8      | Killed a cyclops
  3398 | D:8      | Found a staircase to the Lair.
  3404 | D:8      | Noticed a two-headed ogre
  3411 | D:8      | Killed a two-headed ogre
  3411 | D:8      | Reached skill level 10 in Invocations
  3501 | D:8      | Got a twisted cloak
  3538 | D:8      | Identified the +2 cloak of Gluttony {-Cast MR++ Str+4} (You found it on level 8 of the Dungeon)
  3958 | D:9      | Found a shattered altar of Ashenzari.
  4001 | D:9      | Noticed Erolcha
  4041 | D:9      | Killed Erolcha
  4041 | D:9      | Reached skill level 10 in Axes
  4140 | D:9      | Found a staircase to the Orcish Mines.
  4288 | D:9      | Reached **** piety under Makhleb
  4405 | D:9      | Paralysed by fainting for 9 turns
  4477 | D:9      | Reached skill level 11 in Invocations
  4504 | D:9      | Noticed a cyclops
  4517 | D:9      | Reached XP level 11. HP: 60/99 MP: 4/4
  4582 | D:9      | Noticed Grum
  4611 | D:9      | Killed Grum
  4792 | D:10     | Entered Level 10 of the Dungeon
  4969 | D:10     | Killed an unseen horror
  5545 | D:11     | Reached skill level 12 in Invocations
  5729 | D:11     | Noticed Harold
  5729 | D:11     | Noticed a seven-headed hydra
  5739 | D:11     | Killed Harold
  5740 | D:11     | Reached ***** piety under Makhleb
  5996 | Lair:1   | Entered Level 1 of the Lair of Beasts
  6006 | Lair:1   | Noticed a four-headed hydra
  6013 | Lair:1   | Killed a four-headed hydra
  6029 | Lair:1   | Noticed Nergalle
  6042 | Lair:1   | Killed Nergalle
  6445 | Lair:1   | Reached skill level 13 in Invocations
  6896 | Lair:2   | Reached XP level 12. HP: 58/110 MP: 5/5
  6951 | Lair:2   | Noticed Sonja
  6961 | Lair:2   | Killed Sonja
  7130 | Lair:3   | Noticed an ice dragon
  7145 | Lair:3   | Noticed Fannar
  7156 | Lair:2   | Killed an ice dragon
  7193 | Lair:3   | Killed Fannar
  7344 | Lair:3   | You fall through a shaft!
  7471 | Lair:4   | Found a hole to the Spider Nest.
  7619 | Lair:4   | Found a blossoming altar of Fedhas.
  7998 | Lair:4   | Noticed a catoblepas
  8026 | Lair:4   | Killed a catoblepas
  8026 | Lair:4   | Reached skill level 14 in Invocations
  8536 | Lair:3   | Noticed a six-headed hydra
  8545 | Lair:3   | Killed a six-headed hydra
  8930 | Lair:5   | Reached skill level 10 in Armour
  9195 | Lair:5   | Noticed Snorg
  9224 | Lair:5   | Killed Snorg
  9863 | D:12     | Reached XP level 13. HP: 118/118 MP: 8/8
  9949 | D:12     | Reached skill level 15 in Invocations
 10286 | D:13     | Noticed Nessos
 10299 | D:13     | Killed Nessos
 10493 | D:13     | Reached skill level 1 in Dodging
 10558 | D:13     | Found a gate to the Vaults.
 10581 | D:13     | Reached skill level 16 in Invocations
 11043 | D:14     | Reached ****** piety under Makhleb
 11152 | D:14     | Gained mutation: You resist negative energy. (rN+) [Deep Dwarf growth]
 11152 | D:14     | Reached XP level 14. HP: 76/129 MP: 7/10
 11596 | D:14     | Found a runed door.
 11598 | D:14     | Noticed Thaneod's ghost (journeyman DEAE)
 11618 | D:15     | Entered Level 15 of the Dungeon
 11624 | D:15     | Found a sparkling altar of Nemelex Xobeh.
 11634 | D:15     | Found a labyrinth entrance.
 11788 | D:15     | Reached skill level 15 in Axes
 11794 | D:15     | Found a staircase to the Depths.
 11831 | D:15     | Reached XP level 15. HP: 138/138 MP: 11/11
 11972 | D:15     | Noticed a fire giant
 11985 | D:15     | Found Jiluq's Weapon Shop.
 12008 | D:15     | Killed a fire giant
 12406 | Spider:1 | Entered Level 1 of the Spider Nest
 12519 | Spider:1 | Reached skill level 17 in Invocations
 12585 | Spider:1 | Reached skill level 10 in Fighting
 12914 | Spider:2 | Reached skill level 5 in Dodging
 13157 | Spider:2 | Noticed Arachne
 13197 | Spider:2 | Killed Arachne
 14105 | Spider:1 | Identified the +4 chain mail of Vexation {Int+2} (You found it on level 1 of the Spider Nest)
 14157 | Spider:1 | Reached skill level 18 in Invocations
 14157 | Spider:1 | Noticed Aizul
 14185 | Spider:1 | Killed Aizul
 14328 | Spider:1 | Reached XP level 16. HP: 143/147 MP: 11/11
 14850 | Spider:4 | Entered Level 4 of the Spider Nest
 14928 | Spider:4 | Found a frozen archway.
 15105 | Spider:4 | Reached skill level 19 in Invocations
 15601 | Spider:4 | Got a gossamer rune of Zot
 15840 | Lair:2   | Found a staircase to the Swamp.
 15857 | Swamp:1  | Entered Level 1 of the Swamp
 15873 | Swamp:1  | Noticed Josephine
 15894 | Swamp:1  | Killed Josephine
 16123 | Swamp:2  | Noticed Roxanne
 16284 | Swamp:2  | Noticed a thorn hunter
 16305 | Swamp:2  | Killed a thorn hunter
 16305 | Swamp:2  | Reached XP level 17. HP: 138/157 MP: 12/12
 16673 | Swamp:2  | You fall through a shaft!
 16708 | Swamp:3  | Reached skill level 20 in Invocations
 16729 | Swamp:3  | Noticed Mara
 16738 | Swamp:3  | Noticed SpeedyPerson7's illusion
 16750 | Swamp:3  | Killed Mara
 17186 | Swamp:4  | Entered Level 4 of the Swamp
 17364 | Swamp:4  | Paralysed by a hornet for 2 turns
 17795 | Swamp:4  | Noticed the 27-headed Lernaean hydra
 17923 | Swamp:4  | Killed the 27-headed Lernaean hydra
 18059 | Swamp:4  | Got a decaying rune of Zot
 18545 | Vaults:1 | Entered Level 1 of the Vaults
 18642 | Vaults:1 | Reached skill level 21 in Invocations
 18679 | Vaults:1 | Reached skill level 10 in Dodging
 18704 | Vaults:1 | Gained mutation: You passively map a large area around you. [Deep Dwarf growth]
 18704 | Vaults:1 | Reached XP level 18. HP: 168/168 MP: 14/14
 19904 | Vaults:2 | Reached skill level 22 in Invocations
 19994 | Vaults:2 | Found a staircase to the Crypt.
 19994 | Vaults:2 | Found an ancient bone altar of Kikubaaqudgha.
 19995 | Vaults:2 | Found a basalt altar of Yredelemnul.
 20295 | Vaults:3 | Found a flickering gateway to a bazaar.
 20304 | Bazaar   | Entered a bazaar
 20312 | Bazaar   | Found Aveth's Gadget Shop.
 20325 | Bazaar   | Found Cyshrei's Book Shop.
 20583 | Vaults:3 | Found the ripped robe
 20647 | Vaults:3 | Reached skill level 15 in Armour
 20721 | Vaults:3 | Reached XP level 19. HP: 180/180 MP: 16/16
 21241 | Vaults:4 | Found a shimmering altar of Xom.
 21296 | Vaults:4 | Reached skill level 10 in Shields
 21414 | Vaults:4 | Reached skill level 23 in Invocations
 21649 | Vaults:4 | Found a flickering gateway to a bazaar.
 21755 | Bazaar   | Entered a bazaar
 21769 | Bazaar   | Found Limpewa's Gadget Shop.
 21798 | Bazaar   | Found Lusmiun's Gadget Shop.
 21808 | Bazaar   | Bought a wand of digging (9) for 494 gold pieces
 21817 | Bazaar   | Found Cusa's Distillery.
 21829 | Bazaar   | Bought a potion of haste for 100 gold pieces
 21829 | Bazaar   | Bought a potion of haste for 100 gold pieces
 21833 | Bazaar   | Bought a potion of curing for 30 gold pieces
 21845 | Bazaar   | Found Ucias's Distillery.
 21853 | Bazaar   | Bought a potion of heal wounds for 65 gold pieces
 21853 | Bazaar   | Bought a potion of agility for 52 gold pieces
 21853 | Bazaar   | Bought a potion of curing for 39 gold pieces
 22023 | Vaults:4 | Noticed Jory
 22042 | Vaults:4 | Killed Jory
 22746 | Vaults:5 | Entered Level 5 of the Vaults
 22764 | Vaults:5 | Noticed a golden dragon
 22771 | Vaults:5 | Reached skill level 15 in Fighting
 22771 | Vaults:5 | Reached XP level 20. HP: 194/194 MP: 17/17
 22803 | Vaults:5 | Killed a golden dragon
 22844 | Vaults:5 | Reached skill level 24 in Invocations
 23047 | Vaults:5 | Noticed a golden dragon
 23062 | Vaults:5 | Killed a golden dragon
 23158 | Vaults:5 | Got a pair of encrusted gloves
 23169 | Vaults:5 | Identified the +1 pair of gloves of Ameso {rElec rF+} (You found it on level 5 of the Vaults)
 23343 | Vaults:5 | Identified a scroll of acquirement
 23371 | Vaults:5 | Identified the Reference Book on Frigorific Enhancements
 23492 | Vaults:5 | Reached XP level 21. HP: 188/205 MP: 16/16
 23865 | Vaults:5 | Got a silver rune of Zot
 24108 | Depths:1 | Entered Level 1 of the Depths
 24143 | Depths:1 | Found a one-way gate to the infinite horrors of the Abyss.
 24169 | Depths:1 | Reached skill level 25 in Invocations
 24389 | Depths:3 | Found a portal to a secret trove of treasure.
 24398 | Depths:3 | Found a one-way gate leading to the halls of Pandemonium.
 24486 | Depths:3 | Found a transporter.
 24688 | Depths:3 | Noticed Margery
 24765 | Depths:3 | Killed Margery
 25105 | Depths:4 | Noticed Sojobo
 25154 | Depths:4 | Killed Sojobo
 25319 | Depths:4 | Found Vuirgh's Jewellery Shoppe.
 25350 | Depths:4 | Found a large runed door.
 25350 | Depths:4 | Found a large runed door.
 25351 | Depths:4 | Noticed Tennusk's ghost (adept TrMo)
 25353 | Depths:4 | Found Utem Yqi's Food Shoppe.
 25367 | Depths:5 | Entered Level 5 of the Depths
 25603 | Depths:5 | Reached XP level 22. HP: 218/218 MP: 14/14
 25660 | Depths:5 | Noticed Saint Roka
 25698 | Depths:5 | Killed Saint Roka
 25750 | Depths:5 | Noticed a caustic shrike
 25751 | Depths:5 | Noticed a caustic shrike
 25751 | Depths:5 | Noticed a caustic shrike
 25892 | Depths:5 | Found a gate to the Realm of Zot.
 25892 | Depths:5 | Noticed a golden dragon
 25892 | Depths:5 | Noticed a golden dragon
 25901 | Depths:5 | Killed a golden dragon
 25915 | Depths:5 | Killed a golden dragon
 25915 | Depths:5 | Reached skill level 26 in Invocations
 25970 | Zot:1    | Entered Level 1 of the Realm of Zot
 26357 | Zot:2    | Identified the -6 pair of boots "Jimum" {Slay+4} (You found it on level 2 of the Realm of Zot)
 26608 | Zot:4    | Noticed an orb of fire
 26630 | Zot:4    | Gained mutation: You are frail. (-10% HP) [an orb of fire]
 26636 | Zot:4    | Gained mutation: Your spells are a little easier to cast, but a little less powerful. [an orb of fire]
 26654 | Zot:4    | Gained mutation: You occasionally shout uncontrollably at your foes. [an orb of fire]
 26661 | Zot:4    | Killed an orb of fire
 26712 | Zot:4    | Noticed a golden dragon
 26740 | Zot:4    | Killed a golden dragon
 26898 | Zot:4    | Noticed a curse toe
 26928 | Zot:4    | Noticed a golden dragon
 26928 | Zot:4    | Noticed a golden dragon
 26947 | Zot:4    | Killed a golden dragon
 26948 | Zot:4    | Noticed a curse toe
 26950 | Zot:4    | Killed a golden dragon
 27024 | Zot:4    | Killed a curse toe
 27139 | Zot:4    | Killed a curse toe
 27139 | Zot:4    | Reached XP level 23. HP: 132/206 MP: 14/14
 27201 | Zot:4    | Reached skill level 27 in Invocations
 27333 | Zot:5    | Entered Level 5 of the Realm of Zot
 27798 | Zot:5    | Reached skill level 15 in Shields
 27873 | Zot:5    | Noticed a curse toe
 27891 | Zot:5    | Killed a curse toe
 28115 | Zot:5    | Noticed a Killer Klown
 28153 | Zot:5    | Cast into level 5 of the Abyss (the power of Zot)
 28153 | Abyss:5  | Entered Level 5 of the Abyss
 28324 | Abyss:5  | Gained mutation: You are occasionally teleported next to monsters. [a neqoxec]
 28369 | Zot:5    | Escaped the Abyss
 28377 | Zot:5    | Gained mutation: Scrolls take you a little longer to read. [a cacodemon]
 28414 | Zot:5    | Noticed an orb of fire
 28426 | Zot:5    | Killed a Killer Klown
 28430 | Zot:5    | Gained mutation: Your magical capacity is low. (-10% MP) [an orb of fire]
 28437 | Zot:5    | Gained mutation: Potions are less effective at restoring your health. [an orb of fire]
 28439 | Zot:5    | Gained mutation: You are partially covered in icy blue scales. (AC +2) [an orb of fire]
 28447 | Zot:5    | Gained mutation: You are weak. (Str -2) [an orb of fire]
 28449 | Zot:5    | Killed an orb of fire
 28449 | Zot:5    | Reached XP level 24. HP: 218/218 MP: 10/10
 28465 | Zot:5    | Noticed an orb of fire
 28474 | Zot:5    | Gained mutation: You are resistant to electric shocks. (rElec) [an orb of fire]
 28477 | Zot:5    | Gained mutation: Armour fits poorly on your strangely shaped body. [an orb of fire]
 28477 | Zot:5    | Noticed an orb of fire
 28480 | Zot:5    | Noticed an orb of fire
 28482 | Zot:5    | Killed an orb of fire
 28488 | Zot:5    | Gained mutation: You are sometimes teleported next to monsters. [an orb of fire]
 28490 | Zot:5    | Gained mutation: You are dopey. (Int -2) [an orb of fire]
 28497 | Zot:5    | Gained mutation: You sometimes yell uncontrollably at your foes. [an orb of fire]
 28497 | Zot:5    | Gained mutation: You are very frail. (-20% HP) [an orb of fire]
 28500 | Zot:5    | Killed an orb of fire
 28509 | Zot:5    | Gained mutation: You are extremely frail. (-30% HP) [an orb of fire]
 28511 | Zot:5    | Gained mutation: Scrolls take you longer to read. [an orb of fire]
 28515 | Zot:5    | Killed an orb of fire
 28537 | Zot:5    | Noticed an orb of fire
 28552 | Zot:5    | Gained mutation: You frequently scream uncontrollably at your foes. [an orb of fire]
 28565 | Zot:5    | Killed an orb of fire
 28594 | Zot:5    | Lost mutation: You are extremely frail. (-30% HP) [potion of mutation]
 28594 | Zot:5    | Lost mutation: You frequently scream uncontrollably at your foes. [potion of mutation]
 28594 | Zot:5    | Lost mutation: You are weak. (Str -2) [potion of mutation]
 28594 | Zot:5    | Lost mutation: You are very frail. (-20% HP) [potion of mutation]
 28594 | Zot:5    | Lost mutation: You sometimes yell uncontrollably at your foes. [potion of mutation]
 28594 | Zot:5    | Gained mutation: Your flesh is cold resistant. (rC+) [potion of mutation]
 28595 | Zot:5    | Lost mutation: Your flesh is cold resistant. (rC+) [potion of mutation]
 28595 | Zot:5    | Lost mutation: You are frail. (-10% HP) [potion of mutation]
 28595 | Zot:5    | Lost mutation: Your magical capacity is low. (-10% MP) [potion of mutation]
 28595 | Zot:5    | Lost mutation: Armour fits poorly on your strangely shaped body. [potion of mutation]
 28595 | Zot:5    | Gained mutation: You are partially covered in yellow scales. (AC +2) [potion of mutation]
 28595 | Zot:5    | Gained mutation: You expend magic power (3 MP) to strengthen your wands. [potion of mutation]
 28595 | Zot:5    | Gained mutation: You have an increased reservoir of magic. (+10% MP) [potion of mutation]
 28596 | Zot:5    | Lost mutation: Your spells are a little easier to cast, but a little less powerful. [potion of mutation]
 28596 | Zot:5    | Lost mutation: You are partially covered in yellow scales. (AC +2) [potion of mutation]
 28596 | Zot:5    | Lost mutation: You occasionally shout uncontrollably at your foes. [potion of mutation]
 28596 | Zot:5    | Lost mutation: You have an increased reservoir of magic. (+10% MP) [potion of mutation]
 28596 | Zot:5    | Gained mutation: Armour fits poorly on your strangely shaped body. [potion of mutation]
 28596 | Zot:5    | Lost mutation: Armour fits poorly on your strangely shaped body. [potion of mutation]
 28596 | Zot:5    | Lost mutation: You are dopey. (Int -2) [potion of mutation]
 28596 | Zot:5    | Gained mutation: You have a pair of small horns on your head. [potion of mutation]
 28597 | Zot:5    | Lost mutation: You expend magic power (3 MP) to strengthen your wands. [potion of mutation]
 28597 | Zot:5    | Lost mutation: Scrolls take you longer to read. [potion of mutation]
 28597 | Zot:5    | Lost mutation: Scrolls take you a little longer to read. [potion of mutation]
 28597 | Zot:5    | Gained mutation: You have sharp toenails. [potion of mutation]
 28597 | Zot:5    | Gained mutation: You have a pair of horns on your head. [potion of mutation]
 28645 | Zot:5    | Got the Orb of Zot
 28705 | Zot:5    | Noticed an orb of fire
 28736 | Zot:4    | Gained mutation: Scrolls take you a little longer to read. [a neqoxec]
 28740 | Zot:4    | Gained mutation: Your spells are a little easier to cast, but a little less powerful. [a neqoxec]
 28848 | Depths:5 | Noticed Misoavynt the pandemonium lord
 28877 | Depths:4 | Gained mutation: You are weak. (Str -2) [a neqoxec]
 28889 | Depths:4 | Found a shattered altar of Ashenzari.
 28902 | Depths:4 | Gained mutation: You tend to lose your temper in combat. [a neqoxec]
 28961 | Depths:3 | Found a transporter.
 28989 | Depths:3 | Noticed Ycsam the pandemonium lord
 29334 | D:$      | Escaped with the Orb!

Vault maps used:
D:1:      lightli_arrival_boilingwater
D:2:      elyvilon_altar_5, patterned_corridor, uniq_natasha
D:3:      lemuel_zombie_altar_yredelemnul, minitemple, uniq_terence
D:4:      marbit_many_paths, minmay_temple_entry_overgrown, first_ration,
          enter_ossuary_2, uniq_ijyb
D:5:      nemelex_xobeh_ov_fountains_minmay
D:6:      serial_shops, nicolae_shop_statue_plus, uniq_eustachio
D:7:      grunt_dithmenos_smoke, uniq_crazy_yiuf_cottage
D:8:      erik_lair_island
D:9:      nicolae_overflow_hidden_temple, old_standard_altar,
          david_orc_1_choice, uniq_erolcha, uniq_grum
D:10:     special_room
D:11:     the_bakery, hangedman_misty_isle, uniq_harold
D:12:     uniq_psyche
D:13:     grunt_vaults_entry_tiered, uniq_nessos
D:14:     lemuel_troll_bridge, ebering_ghost_funeral_grove,
          hangedman_abyss_or_decor_passed
D:15:     grunt_enter_depths_giant_problem, basic_altar, lab_entry_generic,
          minmay_misc_feat_chi, serial_shops, shop
Temple:   jpeg_temple_island
Lair:1:   minivault_19, grunt_megastairs_1, serial_bayou_shore_a, uniq_nergalle
Lair:2:   nicolae_swamp_entry_splash_gauntlet, uniq_sonja
Lair:3:   ice2_lemuel, uniq_fannar
Lair:4:   spider_nest_entry_a, bh_autumn_forest_stairs, tgw_fedhas,
          lemuel_fruit_tree
Lair:5:   beast_lair_carwin_9, grunt_megastairs_5, uniq_snorg
Swamp:1:  evilmike_swamp_ruin_house_2, swamp_pool5,
          nicolae_swamp_necromancer_hut, uniq_josephine
Swamp:2:  ebering_ghost_disaster_area, infiniplex_staircase_pool, swamp_pool1,
          nicolae_swamp_dense_foliage, uniq_roxanne
Swamp:3:  hangedman_swamp_ruin_wall, swamp_pool5, hangedman_swamp_blocks,
          nicolae_island_escapes, uniq_mara
Swamp:4:  swamp_old_school
Spider:1: uniq_aizul
Spider:2: hangedman_spider_tarantella_strand, uniq_arachne
Spider:4: grunt_spider_rune_island, portal_ice_cave_entry_pillars_four
Vaults:1: st_more_cells, nicolae_vaults_theta, v_misc_14,
          ontoclasm_vaults_bender, nicolae_vaults_network_periphery, v_misc_18,
          vaults_mumra_minichess, v_misc_19, nicolae_vaults_hallways_thing,
          ontoclasm_vaults_tryst, v_pattern_1, nicolae_vaults_theta,
          ontoclasm_vaults_gateway, vaults_room_large_hall
Vaults:2: ontoclasm_vaults_shuriken, minmay_crypt_entry_necro_gods,
          hangedman_vaults_pinch, v_misc_25, v_misc_24, st_lattice,
          vaults_mumra_chevron_long, hangedman_vaults_impose, vaults_room_fours,
          nicolae_vaults_alarming
Vaults:3: vaults_room_hangedman_quadrants, ontoclasm_vaults_idyll, v_misc_9,
          nicolae_vaults_little_squares_3, nicolae_vaults_angled_halls,
          v_misc_22, ontoclasm_vaults_ring_small, v_misc_12, v_misc_19,
          nicolae_vaults_rhombus_5, v_alt_pattern_3, vaults_room_fours,
          serial_shops, bzr_in_the_mist
Vaults:4: nicolae_vaults_network_quinsquares, st_lines, ontoclasm_vaults_hangar,
          ontoclasm_vaults_misaligned, nicolae_vaults_yaktaur_gun_rack,
          nicolae_vaults_little_squares_6, nicolae_vaults_border_crossing,
          vaults_room_pool, grunt_vaults_hallway_short, serial_shops,
          bzr_entry_water, basic_altar, uniq_jory
Vaults:5: serial_shops
Depths:1: minmay_outward_triangles, mu_enter_wizlab_4, hangedman_decor_growths,
          abyss_entry, grunt_hell_entry_dis_mu, minmay_metal_thing
Depths:2: spriggan_forest, hell_entry
Depths:3: gammafunk_the_bubble, enter_trove_3, pan_entry, lightli_too_deep,
          infiniplex_staircase_squiggle, uniq_margery
Depths:4: minmay_skeleton_keep, pf_coc_iceberg, abyss_entry,
          ebering_ghost_disaster_area, ashenzari_altar_1, serial_shops,
          nicolae_shop_window_shopping, nicolae_shop_stone, shop_fountains,
          minmay_door_square, due_unseen_surprise, uniq_sojobo
Depths:5: grunt_zot_entry_funnels, hell_entry, hangedman_decor_slide_cut,
          water_maze_lemuel, uniq_saint_roka
Zot:1:    minmay_elemental_castle
Zot:2:    st_stairs_6
Zot:3:    gammafunk_ghost_mausoleum, basic_stair_grate_trap
Zot:5:    bh_zot_lava_cross
Abyss:5:  evilmike_abyss_exit_glass, hangedman_relentless_pull,
          small_statue_intersection, hangedman_illusive_loot,
          evilmike_nicolae_abyss_rune_containment_curve, abyss_exit_lava,
          hangedman_classic_abyss_death
Bazaar:   bazaar_jpeg_cross, dpeg_bazaar_wands

Skill      XL: |  1  2  3  4  5  6  7  8  9 10 11 12 13 14 15 16 17 18 19 20 21 22 23 24 |
---------------+-------------------------------------------------------------------------+-----
Axes           | 3 4 5 6 7 9 10 12 13 14 16 17 18 | 18.0
Fighting       | 3 4 5 6 7 8 9 10 11 12 13 15 16 17 18 19 20 | 20.8
Armour         | 4 5 6 7 9 10 11 12 13 14 15 16 17 18 19 | 19.9
Shields        | 4 5 6 7 9 11 12 13 14 15 17 | 17.0
Invocations    | 1 2 4 6 9 11 13 14 16 18 19 21 22 23 24 25 26 27 | 27.0
Dodging        | 3 6 8 10 | 10.1

Action                   |  1- 3 |  4- 6 |  7- 9 | 10-12 | 13-15 | 16-18 | 19-21 | 22-24 || total
-------------------------+-------+-------+-------+-------+-------+-------+-------+-------++-------
Melee: War axe           |    54 |   151 |   458 |   877 |   865 |       |       |       ||  2405
       Unarmed           |       |    26 |       |       |       |       |       |       ||    26
       Broad axe         |       |       |       |       |    80 |  1863 |  1591 |  1408 ||  4942
       Headbutt          |       |       |       |       |       |       |       |    40 ||    40
Throw: Throwing net      |       |       |       |       |       |       |       |     1 ||     1
Invok: Lesser Servant of |       |       |     1 |     9 |    22 |     4 |       |     3 ||    39
       Greater Servant o |       |       |       |       |       |     4 |     7 |     3 ||    14
 Abil: Heal Wounds       |     2 |     5 |    17 |    19 |     7 |     5 |    24 |    27 ||   106
Evoke: Wand              |       |       |       |     3 |    16 |     5 |     1 |     6 ||    31
  Use: Scroll            |       |       |     7 |    13 |    14 |     6 |     8 |    21 ||    69
       Potion            |       |       |       |     2 |     2 |     5 |     5 |    14 ||    28
 Stab: Paralysed         |       |       |       |     4 |    14 |     6 |       |       ||    24
       Distracted        |       |       |       |     3 |     6 |     5 |     5 |     2 ||    21
  Eat: Chunk             |       |     2 |     7 |    18 |    19 |    20 |    18 |     7 ||    91
       Ration            |       |       |       |     4 |     1 |     1 |       |     2 ||     8
Armor: Scale mail        |    26 |    64 |    36 |       |       |       |       |       ||   126
       Plate armour      |       |       |   303 |    46 |       |       |       |       ||   349
       Gold dragon scale |       |       |       |   636 |   786 |  1703 |  1133 |   924 ||  5182
Dodge: Dodged            |    22 |    51 |   150 |   169 |   334 |   759 |   553 |   404 ||  2442
Block: Shield            |    29 |   104 |   348 |   534 |   658 |  1412 |  1562 |  1157 ||  5804
       Reflection        |       |       |       |       |       |    35 |    57 |    10 ||   102

Table legend:
 A = Spawn XP
 B = Non-spawn XP
 C = Spawn XP percentage of total XP
 D = Spawn monster count
 E = Non-spawn monster count
 F = Spawn count percentage of total count
 G = Total turns spent on level
                    A         B        C        D         E        F      G
               +---------+---------+-------+---------+---------+-------+---------
         Total |   25089 | 1017570 |   2.4 |      32 |    1527 |   2.1 | 29334
               +---------+---------+-------+---------+---------+-------+---------
           D:1 |       0 |       6 |   0.0 |       0 |       4 |   0.0 |   189
           D:2 |       0 |     140 |   0.0 |       0 |      15 |   0.0 |   330
           D:3 |       0 |      73 |   0.0 |       0 |      10 |   0.0 |   275
           D:4 |       0 |     228 |   0.0 |       0 |       9 |   0.0 |   587
           D:5 |       0 |    1074 |   0.0 |       0 |      27 |   0.0 |   568
           D:6 |       0 |    1528 |   0.0 |       0 |      31 |   0.0 |   785
           D:7 |       0 |     967 |   0.0 |       0 |      18 |   0.0 |   307
           D:8 |       0 |    4588 |   0.0 |       0 |      43 |   0.0 |   967
           D:9 |       0 |    3465 |   0.0 |       0 |      33 |   0.0 |   944
          D:10 |       0 |    2813 |   0.0 |       0 |      29 |   0.0 |   624
          D:11 |       0 |    3065 |   0.0 |       0 |      12 |   0.0 |   847
          D:12 |       0 |    3416 |   0.0 |       0 |      21 |   0.0 |   243
          D:13 |       0 |   18180 |   0.0 |       0 |      75 |   0.0 |   992
          D:14 |       0 |   10569 |   0.0 |       0 |      45 |   0.0 |   848
          D:15 |       0 |    6608 |   0.0 |       0 |      23 |   0.0 |   588
        Lair:1 |       0 |    3291 |   0.0 |       0 |      15 |   0.0 |   990
        Lair:2 |       0 |    4465 |   0.0 |       0 |      18 |   0.0 |   582
        Lair:3 |       0 |    3461 |   0.0 |       0 |      18 |   0.0 |   806
        Lair:4 |       0 |    2901 |   0.0 |       0 |       9 |   0.0 |  1106
        Lair:5 |       0 |    5951 |   0.0 |       0 |      18 |   0.0 |   724
       Swamp:1 |       0 |    5117 |   0.0 |       0 |      17 |   0.0 |   289
       Swamp:2 |       0 |   12872 |   0.0 |       0 |      30 |   0.0 |   673
       Swamp:3 |       0 |   22969 |   0.0 |       0 |      53 |   0.0 |   567
       Swamp:4 |       0 |   28647 |   0.0 |       0 |      49 |   0.0 |   934
      Spider:1 |       0 |   18541 |   0.0 |       0 |      61 |   0.0 |   928
      Spider:2 |       0 |   17740 |   0.0 |       0 |      41 |   0.0 |   670
      Spider:3 |       0 |   12578 |   0.0 |       0 |      34 |   0.0 |   521
      Spider:4 |       0 |   37928 |   0.0 |       0 |      71 |   0.0 |   807
      Vaults:1 |       0 |   36195 |   0.0 |       0 |      59 |   0.0 |   553
      Vaults:2 |       0 |   33332 |   0.0 |       0 |      45 |   0.0 |  1169
      Vaults:3 |       0 |   47153 |   0.0 |       0 |      76 |   0.0 |   819
      Vaults:4 |       0 |   70860 |   0.0 |       0 |      98 |   0.0 |  1651
      Vaults:5 |       0 |  143749 |   0.0 |       0 |     134 |   0.0 |  1137
      Depths:1 |       0 |    9343 |   0.0 |       0 |      11 |   0.0 |   153
      Depths:2 |       0 |    2724 |   0.0 |       0 |       9 |   0.0 |    62
      Depths:3 |       0 |   45714 |   0.0 |       0 |      51 |   0.0 |   811
      Depths:4 |       0 |   25422 |   0.0 |       0 |      25 |   0.0 |   422
      Depths:5 |       0 |   48002 |   0.0 |       0 |      46 |   0.0 |   642
         Zot:1 |       0 |    8486 |   0.0 |       0 |       6 |   0.0 |   214
         Zot:2 |       0 |   33732 |   0.0 |       0 |      23 |   0.0 |   333
         Zot:3 |       0 |   10407 |   0.0 |       0 |       7 |   0.0 |    89
         Zot:4 |       0 |   60151 |   0.0 |       0 |      23 |   0.0 |   821
         Zot:5 |    1912 |  208068 |   0.9 |       2 |      84 |   2.3 |  1166
       Abyss:5 |   23177 |    1051 |  95.7 |      30 |       1 |  96.8 |   216
               +---------+---------+-------+---------+---------+-------+---------
